Map: Mech Depot LE

Players

Maplez - Winner!

  • Race: Protoss Protoss
  • League: Grandmaster
  • Spawn Location: 1:00

FireZerg

  • Race: Zerg Zerg
  • League: Grandmaster
  • Spawn Location: 7:00

VOD

Have the link to the VOD?

Description

Time

  • Played on: Aug. 21, 2017, 6:35 p.m.
  • Length: 20:00
Show
View Real Time Build Order
Export as new Build Order

Maplez Protoss - Winner!

Build Orders: Nexus First, Oracle Opening, Zealot Archon 

Get SALT Encoding   

  12  0:00  Probe (Chrono Boost)  
  13  0:11  Probe (Chrono Boost)  
  14  0:18  Pylon  
  14  0:22  Probe (Chrono Boost)  
  15  0:36  Probe (Chrono Boost)  
  16  0:47  Probe (Chrono Boost)  
  17  0:58  Probe (Chrono Boost)  
  17  1:03  Nexus  
  18  1:08  Probe (Chrono Boost)  
  19  1:16  Gateway  
  19  1:21  Assimilator  
  19  1:26  Assimilator  
  19  1:29  Probe (Chrono Boost)  
  20  1:35  Pylon  
  20  1:39  Probe (Chrono Boost)  
  21  1:50  Probe (Chrono Boost)  
  22  2:01  Probe (Chrono Boost)  
  23  2:05  Zealot, Cybernetics Core  
  25  2:11  Probe (Chrono Boost)  
  25  2:15  Probe (Chrono Boost)  
  27  2:22  Probe (Chrono Boost)  
  28  2:25  Probe (Chrono Boost)  
  29  2:32  Probe (Chrono Boost)  
  29  2:36  Probe (Chrono Boost)  
  31  2:41  Probe (Chrono Boost), Stalker (Chrono Boost)  
  31  2:42  Warp Gate  
  34  2:46  Probe  
  35  2:51  Probe  
  35  2:52  Stargate  
  36  2:59  Probe (Chrono Boost)  
  36  3:01  Pylon  
  36  3:03  Probe (Chrono Boost)  
  38  3:10  Probe (Chrono Boost)  
  39  3:14  Probe (Chrono Boost)  
  39  3:15  Assimilator  
  40  3:21  Probe (Chrono Boost)  
  40  3:24  Adept  
  40  3:25  Probe (Chrono Boost)  
  44  3:30  Probe (Chrono Boost)  
  45  3:35  Oracle (Chrono Boost), Probe (Chrono Boost)  
  45  3:40  Probe  
  49  3:47  Probe  
  49  3:48  Stargate  
  51  3:50  Probe  
  51  3:51  Pylon  
  52  3:59  Probe  
  53  4:06  Mothership Core, Assimilator  
  53  4:07  Pylon  
  55  4:11  Probe  
  56  4:17  Gateway  
  56  4:18  Gateway  
  56  4:23  Probe  
  57  4:26  Probe  
  58  4:34  Oracle (Chrono Boost)  
  58  4:36  Probe  
  58  4:37  Probe  
  63  4:38  Nexus  
  63  4:40  Pylon  
  63  4:42  Oracle (Chrono Boost)  
  66  4:47  Pylon  
  66  4:48  Probe  
  66  4:50  Pylon  
  67  4:58  Probe  
  68  5:02  Pylon  
  68  5:06  Oracle (Chrono Boost)  
  71  5:09  Probe  
  71  5:14  Oracle (Chrono Boost)  
  75  5:16  Pylon  
  75  5:20  Probe  
  76  5:23  Forge  
  76  5:28  Probe  
  76  5:32  Robotics Facility  
  76  5:33  Probe  
  78  5:36  Oracle (Chrono Boost)  
  78  5:39  Zealot x2  
  78  5:40  Zealot  
  86  5:45  Oracle (Chrono Boost)  
  89  5:54  Protoss Ground Weapons Level 1 (Chrono Boost)  
  89  5:55  Twilight Council, Probe x2  
  91  5:59  Probe  
  92  6:05  Oracle  
  92  6:06  Assimilator  
  92  6:07  Probe, Assimilator  
  92  6:08  Pylon  
  96  6:13  Pylon  
  96  6:17  Probe  
  97  6:19  Probe  
  97  6:21  Pylon, Observer  
  97  6:25  Probe  
  100  6:35  Gateway  
  100  6:36  Gateway  
  100  6:38  Zealot, Gateway  
  100  6:39  Zealot x2  
  105  6:43  Probe  
  105  6:44  Charge (Chrono Boost)  
  106  6:52  Templar Archives  
  106  6:53  Pylon, Probe  
  107  6:58  Probe  
  105  7:03  Probe  
  94  7:09  Probe  
  94  7:14  Gateway  
  94  7:15  Warp Prism (Chrono Boost), Gateway  
  95  7:17  Gateway  
  95  7:18  Gateway  
  95  7:20  Gateway  
  95  7:21  Psionic Storm  
  95  7:26  Probe  
  96  7:30  Nexus  
  96  7:33  Pylon  
  96  7:39  Protoss Ground Weapons Level 2  
  96  7:41  High Templar x3  
  101  7:48  Photon Cannon  
  101  7:49  Photon Cannon, Archon  
  101  7:52  Gateway  
  101  8:04  Observer  
  100  8:15  Pylon  
  100  8:29  Zealot x5  
  100  8:30  Zealot x6  
  100  8:31  Immortal (Chrono Boost), Probe  
  127  8:37  Nexus  
  127  8:44  Photon Cannon x2  
  127  8:59  High Templar x6  
  139  9:04  Archon x3  
  139  9:17  Zealot x6, Fleet Beacon  
  151  9:27  Immortal (Chrono Boost)  
  151  9:40  Probe x2  
  151  9:43  Probe  
  151  9:44  Stargate  
  154  9:48  Assimilator  
  154  9:50  Probe  
  154  9:52  Probe  
  156  9:57  Photon Cannon  
  156  9:58  Protoss Ground Weapons Level 3 (Chrono Boost)  
  156  10:01  Immortal  
  164  10:12  Pylon  
  160  10:15  Pylon, Assimilator  
  160  10:17  Carrier  
  166  10:40  Immortal  
  166  10:41  Carrier  
  176  10:44  Protoss Air Weapons Level 1  
  176  10:48  Pylon  
  172  10:58  High Templar  
  172  11:03  Zealot x3  
  172  11:04  Zealot x6  
  179  11:19  Immortal  
  179  11:24  Carrier  
  189  11:32  Carrier  
  181  11:40  Graviton Catapult  
  181  11:44  Pylon  
  181  11:46  Cybernetics Core  
  184  11:58  Photon Cannon  
  184  11:59  Immortal  
  186  12:02  Photon Cannon  
  186  12:04  Photon Cannon  
  186  12:05  Photon Cannon  
  184  12:09  High Templar x2  
  184  12:14  Zealot  
  184  12:15  Zealot x5  
  200  12:22  Archon  
  198  12:31  Protoss Air Armor Level 1  
  195  12:38  Immortal  
  189  12:53  Carrier x2  
  193  13:04  Carrier  
  193  13:22  Stargate  
  193  13:24  Assimilator  
  193  13:26  Zealot x2, Pylon, Observer  
  198  13:45  Photon Cannon  
  198  13:46  Photon Cannon  
  198  13:48  Photon Cannon  
  198  13:50  Photon Cannon  
  198  13:52  Photon Cannon  
  198  13:56  Assimilator  
  194  14:19  Carrier  
  192  14:26  Nexus  
  192  14:28  Protoss Air Armor Level 2 (Chrono Boost)  
  192  14:32  Pylon, High Templar x4  
  192  14:36  Photon Cannon  
  200  14:39  Photon Cannon  
  200  14:41  Photon Cannon  
  200  14:42  Photon Cannon  
  200  14:53  Protoss Air Weapons Level 2 (Chrono Boost)  
  200  15:07  Photon Cannon  
  200  15:09  Photon Cannon  
  200  15:11  Photon Cannon  
  200  15:12  Photon Cannon  
  200  15:14  Photon Cannon, Pylon  
  200  15:16  Photon Cannon  
  200  15:18  Photon Cannon  
  200  15:19  Pylon  
  188  15:59  Pylon  
  188  16:03  Carrier (Chrono Boost)  
  188  16:04  Zealot x3  
  200  16:18  Photon Cannon  
  200  16:20  Photon Cannon  
  200  16:22  Photon Cannon  
  200  16:24  Photon Cannon  
  200  16:26  Photon Cannon  
  200  16:29  Pylon  
  200  16:31  Pylon  
  200  16:32  Protoss Air Armor Level 3 (Chrono Boost)  
  200  16:37  Protoss Air Weapons Level 3 (Chrono Boost)  
  194  17:09  Zealot x3  
  194  17:14  Dark Shrine  
  200  17:27  Nexus  
  200  17:32  Assimilator  
  200  17:43  Pylon  
  198  17:49  Pylon  
  194  17:56  Oracle (Chrono Boost)  
  197  18:06  Photon Cannon  
  197  18:08  Photon Cannon  
  197  18:21  Photon Cannon  
  197  18:23  Photon Cannon  
  197  18:24  Photon Cannon x2  
  197  18:25  Photon Cannon  
  197  18:26  Photon Cannon x2  
  197  18:28  Photon Cannon  
  197  18:29  Photon Cannon  
  197  18:30  Photon Cannon  
  197  18:33  Photon Cannon  
  186  18:51  Zealot  
  186  18:52  Zealot x2  
  190  19:08  Zealot x5  
  190  19:09  Zealot x4  
  190  19:28  Stargate  
  190  19:30  Stargate  
  184  19:42  High Templar x2  
  184  19:43  High Templar x5  
Show
View Real Time Build Order
Export as new Build Order

FireZerg Zerg 

Build Orders: Hatch First 

Get SALT Encoding   

  12  0:00  Drone  
  13  0:12  Overlord  
  13  0:22  Drone  
  14  0:30  Drone x2  
  14  0:33  Drone  
  17  0:52  Hatchery  
  17  0:56  Drone  
  17  0:59  Drone  
  17  1:02  Extractor  
  17  1:14  Spawning Pool  
  17  1:17  Drone  
  17  1:20  Drone  
  18  1:28  Drone  
  19  1:38  Drone  
  20  1:49  Overlord  
  20  2:01  Queen  
  20  2:03  Queen  
  20  2:04  Metabolic Boost  
  24  2:08  Drone  
  24  2:10  Zergling x2  
  24  2:12  Zergling x2  
  27  2:15  Drone  
  27  2:21  Zergling x2  
  29  2:25  Drone  
  30  2:32  Overlord  
  30  2:36  Drone  
  31  2:40  Pneumatized Carapace  
  31  2:44  Queen  
  31  2:48  Drone  
  31  2:51  Drone  
  35  2:54  Zergling x2  
  35  2:57  Overlord  
  36  3:05  Drone  
  37  3:11  Drone x2  
  37  3:12  Drone x3  
  42  3:14  Drone  
  42  3:15  Drone  
  42  3:17  Drone  
  45  3:21  Drone  
  46  3:36  Hatchery  
  46  3:38  Overlord  
  45  3:42  Drone  
  45  3:43  Spore Crawler  
  45  3:46  Spore Crawler  
  45  3:47  Overlord  
  44  4:01  Drone x7  
  51  4:08  Queen  
  51  4:09  Queen  
  55  4:15  Overlord  
  55  4:16  Overlord  
  55  4:25  Evolution Chamber  
  55  4:29  Zergling x4  
  55  4:30  Zergling x8  
  60  4:35  Overlord  
  60  4:37  Drone  
  61  4:54  Drone x4  
  61  4:58  Drone x5  
  70  5:04  Lair  
  70  5:05  Queen x2  
  74  5:08  Zerg Missile Weapons Level 1  
  74  5:11  Spore Crawler  
  73  5:16  Drone x3  
  73  5:20  Drone x4, Extractor  
  73  5:21  Extractor  
  78  5:29  Drone  
  78  5:30  Drone x4  
  78  5:32  Overlord  
  83  5:38  Spore Crawler  
  83  5:42  Drone x6  
  88  5:43  Spore Crawler, Extractor  
  88  5:47  Drone  
  85  5:54  Drone, Queen  
  90  5:58  Extractor  
  90  5:59  Burrow  
  90  6:00  Extractor  
  86  6:09  Hydralisk Den  
  86  6:10  Hatchery, Spore Crawler  
  83  6:13  Drone x5, Infestation Pit  
  83  6:16  Spore Crawler  
  86  6:18  Queen  
  88  6:37  Hatchery, Hydralisk  
  88  6:38  Muscular Augments, Hydralisk x3  
  95  6:44  Spore Crawler x2  
  93  6:50  Queen  
  95  7:00  Drone x7  
  92  7:14  Drone x3  
  92  7:15  Drone  
  96  7:20  Drone x2  
  96  7:21  Overlord  
  96  7:22  Overlord x4  
  98  7:35  Pathogen Glands  
  98  7:37  Drone x3  
  98  7:39  Drone  
  98  7:41  Overlord x2  
  98  7:42  Drone x5  
  107  7:55  Hive  
  106  8:08  Hydralisk x9  
  106  8:11  Infestor x2  
  128  8:13  Zerg Missile Weapons Level 2  
  128  8:17  Spore Crawler  
  127  8:20  Spine Crawler  
  127  8:24  Hydralisk x4  
  132  8:34  Spine Crawler  
  132  8:35  Spine Crawler  
  132  8:37  Baneling Nest  
  132  8:40  Spine Crawler  
  128  8:43  Neural Parasite  
  128  8:44  Infestor x3  
  134  8:48  Drone x4, Extractor  
  134  8:50  Extractor  
  136  9:06  Drone  
  136  9:08  Evolution Chamber  
  136  9:10  Drone x8  
  136  9:11  Overlord x2  
  136  9:14  Hatchery  
  143  9:22  Hydralisk  
  143  9:23  Hydralisk x4  
  153  9:28  Baneling x5  
  153  9:29  Centrifical Hooks  
  153  9:33  Zergling x2  
  153  9:34  Zergling x6  
  157  9:43  Ultralisk Cavern  
  157  9:44  Drone, Spine Crawler  
  157  9:45  Drone  
  157  9:50  Infestor x3  
  163  10:03  Hydralisk  
  163  10:04  Hydralisk x4  
  173  10:11  Overseer x2  
  173  10:21  Drone  
  174  10:33  Hatchery  
  174  10:35  Infestor x2  
  174  10:36  Chitinous Plating  
  174  10:39  Overlord x4  
  174  10:41  Adrenal Glands  
  176  10:53  Drone  
  177  11:02  Zergling x12  
  177  11:03  Zergling x14  
  190  11:04  Ultralisk  
  196  11:16  Ultralisk  
  193  11:21  Ultralisk  
  193  11:22  Ultralisk  
  194  11:27  Ultralisk  
  194  11:30  Zergling x2  
  199  11:35  Zerg Missile Weapons Level 3, Zerg Melee Weapons Level 1  
  197  11:42  Baneling x6  
  197  11:43  Baneling x4  
  197  11:45  Zergling x4  
  199  11:53  Overlord x2  
  199  11:55  Baneling x11  
  199  12:24  Spire  
  191  12:42  Overseer  
  191  12:43  Overseer x2  
  159  12:52  Hydralisk x13  
  159  12:55  Zergling x2  
  159  12:56  Zergling x24  
  194  13:17  Drone x6  
  194  13:19  Lurker Den  
  200  13:22  Spore Crawler  
  199  13:39  Greater Spire  
  199  13:52  Overseer x3  
  199  13:59  Hatchery  
  183  14:12  Zergling x2  
  183  14:13  Zergling x20  
  183  14:15  Spine Crawler  
  192  14:18  Spine Crawler  
  190  14:25  Infestor x2  
  190  14:26  Infestor  
  190  14:27  Overlord  
  196  14:31  Hatchery  
  196  14:33  Extractor x2  
  193  14:42  Hatchery  
  192  14:57  Zerg Ground Armor Level 1, Zerg Melee Weapons Level 2  
  192  15:05  Zerg Flyer Armor Level 1  
  190  15:08  Spire  
  190  15:09  Drone  
  190  15:22  Corruptor  
  190  15:23  Corruptor x3  
  198  15:29  Overseer  
  198  15:31  Overseer  
  198  15:33  Overseer  
  198  15:34  Overseer  
  198  15:55  Corruptor x2  
  199  16:12  Hatchery  
  199  16:17  Spore Crawler x2  
  196  16:18  Spore Crawler  
  196  16:19  Drone x3  
  196  16:20  Drone x2  
  200  16:31  Corruptor x3  
  199  16:49  Zerg Flyer Weapons Level 1  
  199  17:01  Spore Crawler  
  195  17:02  Spore Crawler  
  195  17:04  Spore Crawler, Spine Crawler  
  195  17:06  Spore Crawler  
  171  17:09  Brood Lord  
  171  17:10  Brood Lord x2, Spine Crawler  
  184  17:17  Drone  
  184  17:18  Drone x5  
  157  17:32  Hydralisk x8  
  149  17:41  Corruptor  
  149  17:43  Infestor  
  153  17:46  Infestor  
  153  17:48  Drone x2  
  157  17:54  Drone x3  
  157  17:58  Drone x2  
  162  18:01  Infestor  
  164  18:16  Infestor x2  
  164  18:17  Infestor x2  
  172  18:26  Overseer x2  
  172  18:31  Overlord  
  172  18:32  Overlord x3  
  150  18:56  Corruptor x3  
  150  19:02  Infestor  
  152  19:11  Drone x5  
  152  19:13  Drone  
  158  19:26  Corruptor x2  
  162  19:52  Hatchery  
Tags
 
Add a new tag
Caveats
  • Supply blocks, unpowered buildings, or Contaminate may cause inaccurate times.
  • Supply counts are checked every 10 seconds.